 Dungeon Crawl Stone Soup version 0.31.0-4-g52a2dc7128 (webtiles) character file.

Game seed: 13190447903844858472

60 monsoonserge the Digger (level 4, 0/33 HPs)
             Began as a Ghoul Earth Elementalist on Jan 23, 2024.
             Slain by a gnoll
             ... wielding a +0 spear
              (6 damage)
             ... on level 2 of the Dungeon.
             The game lasted 00:04:07 (1518 turns).

monsoonserge the Digger (Ghoul Earth Elementalist)  Turns: 1518, Time: 00:04:07

Health: 0/33       AC:  2    Str: 11    XL:     4   Next: 6%
Magic:  0/7        EV: 12    Int: 16    God:
Gold:   66         SH:  0    Dex:  9    Spells: 6/7 levels left

rFire   . . .        (no weapon)
rCold   + . .        (no shield)
rNeg    + + +        a - +0 robe
rPois   ∞            (no helmet)
rElec   .            (no cloak)
rCorr   .            (no gloves)
SInv    .            (no boots)
Will    +....        (no amulet)
Stlth   ++           (no ring)
HPRegen 0.00/turn    (no ring)
MPRegen 0.10/turn

%: no passive effects
@: brilliant, enlightened, flying, inhibited regen
A: claws 1, cold resistance 1, negative energy resistance 3, inhibited
regeneration, torment resistance 2, devour on kill
a: no special abilities


You were on level 2 of the Dungeon.
You visited 1 branch of the dungeon, and saw 2 of its levels.

You collected 66 gold pieces.

Inventory:

Missiles
 d - 2 javelins
 h - 3 poisoned darts
Armour
 a - a +0 robe (worn)
 g - a +0 ring mail
Scrolls
 f - a scroll of fear {unknown}
 i - a scroll of amnesia {unknown}
 j - a scroll of silence {unknown}
Potions
 b - a potion of magic


   Skills:
 + Level 0.1 Fighting
 + Level 2.0 Dodging
 + Level 2.7 Stealth
 + Level 0.1 Unarmed Combat
 - Level 2.0 Spellcasting
 + Level 0.7 Conjurations
 + Level 4.7 Earth Magic


You had 6 spell levels left.
You knew the following spells:

 Your Spells              Type           Power      Damage    Failure   Level
a - Sandblast             Erth           50%        2d12      3%          1

Your spell library contained the following spells:

 Spells                   Type           Power      Damage    Failure   Level
 Passwall                 Erth           25%        N/A       9%          3
 Stone Arrow              Conj/Erth      30%        3d8       21%         3
 Brom's Barrelling Bould  Conj/Erth      15%        2d4       56%         4
 Petrify                  Alch/Erth      13%        N/A       61%         4


Dungeon Overview and Level Annotations

Branches:
Dungeon (2/15)

Altars:


Innate Abilities, Weirdness & Mutations

You are immune to poison.
You have sharp fingernails.
Your flesh is cold resistant. (rC+)
You are immune to negative energy. (rN+++)
You do not regenerate when monsters are visible.
You are immune to unholy pain and torment.
You thrive by killing the living.


Message History

Aim: a gnoll, wielding a +0 spear (84% to hit)
The blast of sand hits the jackal!
You kill the jackal!
The gnoll misses you.
The gnoll hits you from afar with a +0 spear.
Casting: Sandblast (safe; 3% risk of failure)
Confirm with . or Enter, or press ? or * to list all spells.
You don't have enough magic to cast this spell.
You don't have enough magic to cast this spell.
The gnoll attacks as it pursues you!
The gnoll hits you from afar with a +0 spear.
Casting: Sandblast (safe; 3% risk of failure)
Confirm with . or Enter, or press ? or * to list all spells.
Aiming: Sandblast (safe; 3% risk of failure)
Press: ? - help, Shift-Dir - straight line, f/p - gnoll
Aim: a gnoll, wielding a +0 spear (84% to hit)
The blast of sand hits the gnoll!
The gnoll is heavily wounded.
The gnoll misses you.
Unknown command.
The gnoll hits you from afar with a +0 spear.
The gnoll closely misses you.
You scratch the gnoll.
The gnoll is lightly wounded.
The gnoll hits you from afar with a +0 spear.
The gnoll hits you with a +0 spear.
You scratch the gnoll but do no damage.
The gnoll is lightly wounded.
The gnoll closely misses you. The gnoll hits you with a +0 spear.
* * * LOW HITPOINT WARNING * * *
Unknown command.
It was a potion of enlightenment.
You feel very buoyant.
You fly up into the air.
The gnoll closely misses you. The gnoll hits you with a +0 spear.
* * * LOW HITPOINT WARNING * * *
It was a potion of brilliance.
You feel clever all of a sudden.
The gnoll hits you from afar with a +0 spear.
You die...

###### .....######### ###
####.#........ ..#
#......####### #.#
#.##.##### #.#######
#.##.....#########.#.†....
..†)............@gg)......
########.#########.#.####.
# #.# #.# # #
#.#########.#
#.......†...#
#############


You could see 2 gnolls.

Vanquished Creatures
  2 gnolls (D:2)
  4 bats
  9 endoplasms
  4 goblins (D:1)
  2 hobgoblins (D:1)
  3 jackals (D:2)
  3 kobolds
  4 ball pythons
  3 frilled lizards (D:1)
  2 rats
36 creatures vanquished.

Notes
Turn   | Place    | Note
-------+----------+-------------------------------------------
     0 | D:1      | monsoonserge the Ghoul Earth Elementalist began the quest
                  | for the Orb.
     0 | D:1      | Reached XP level 1. HP: 14/14 MP: 3/3
   181 | D:1      | Reached XP level 2. HP: 20/20 MP: 2/4
   476 | D:1      | Reached skill level 4 in Earth Magic
   890 | D:1      | Reached XP level 3. HP: 26/26 MP: 3/6
   895 | D:1      | Found a faded altar of an unknown god.
  1509 | D:2      | Reached XP level 4. HP: 33/33 MP: 1/7
  1518 | D:2      | Slain by a gnoll

Illustrated notes

Levels and vault maps discovered:
D:1:      heliophobic_arrival_glass_houses, layout_basic,
          shapermc_ecumenical_altar_pompeii
D:2:      layout_basic, basic_altar, uniq_robin

Skill      XL: |  1  2 |
---------------+-------+-----
Spellcasting   | 2 |  2.0
Earth Magic    | 4 |  4.7
Dodging        | 2 |  2.0
Fighting       | |  0.1
Stealth        | |  2.7
Unarmed Combat | |  0.1
Conjurations   | |  0.7

Action                     |  1- 3 |  4- 6 || total
---------------------------+-------+-------++-------
  Melee: Unarmed           |     9 |     2 ||    11
   Cast: Sandblast         |    41 |     2 ||    43
    Use: Potion            |       |     2 ||     2
 Armour: Robe              |    10 |     8 ||    18
  Dodge: Dodged            |     9 |     5 ||    14
